 Dungeon Crawl Stone Soup version 0.25-a0-460-g4f2eb97ec1 (webtiles) character file.

Game seed: 4947803991821918957, levelgen mode: deterministic

3810 Eurus the Thaumaturge (level 9, -5/65 HPs)
             Began as a Mummy Conjurer on Feb 3, 2020.
             Was an Initiate of Ashenzari.
             Slain by Prince Ribbit (17 damage)
             ... on level 7 of the Dungeon.
             The game lasted 00:25:19 (9666 turns).

Eurus the Thaumaturge (Mummy Conjurer)              Turns: 9666, Time: 00:25:20

Health: -5/65      AC:  5    Str: 14    XL:     9   Next: 96%
Magic:  22/22      EV: 12    Int: 18    God:    Ashenzari [......]
Gold:   349        SH:  0    Dex: 12    Spells: 23/26 levels left

rFire    x . .     SeeInvis .   r - +9 quarterstaff of Xoal {flame, +Rage rElec Str+3} (curse)
rCold    + + .     Gourm    .   (shield currently unavailable)
rNeg     + + +     Faith    .   a - +0 robe
rPois    ∞         Spirit   .   (no helmet)
rElec    +         Reflect  .   p - +0 cloak
rCorr    .         Harm     .   w - +0 pair of gloves
MR       +....                  k - +0 pair of boots
Stlth    ++........             (no amulet)
HPRegen  0.20/turn              c - ring of wizardry (curse)
MPRegen  0.18/turn              m - ring of protection from cold

@: about to teleport, marked
A: no food or potions, fire vulnerability, cold resistance 1, negative energy
resistance 3, torment resistance, unbreathing
a: Curse Item, Renounce Religion


You were on level 7 of the Dungeon.
You worshipped Ashenzari.
Ashenzari was noncommittal.
You were not hungry.

You visited 2 branches of the dungeon, and saw 9 of its levels.

You collected 349 gold pieces.

Inventory:

Hand Weapons
 r - the cursed +9 quarterstaff of Xoal (weapon) {flame, +Rage rElec Str+3}
   (You found it on level 7 of the Dungeon)

   It has been specially enchanted to burn those struck by it, causing extra
   injury to most foes and up to half again as much damage against particularly
   susceptible opponents.
   It affects your strength (+3).
   It insulates you from electricity.
   It lets you go berserk.
   It has a curse placed upon it.
Armour
 a - a +0 robe (worn)
 k - a +0 pair of boots (worn)
 p - a +0 cloak (worn)
 s - a cursed +0 buckler
 w - a +0 pair of gloves (worn)
Magical Staves
 x - an uncursed staff of air
Jewellery
 c - a cursed ring of wizardry (left hand)
 m - a ring of protection from cold (right hand)
 B - an uncursed ring of ice
 E - an uncursed ring of stealth
Wands
 q - a wand of iceblast (4)
 z - a wand of paralysis (9)
 A - a wand of flame (24)
 C - a wand of polymorph (16)
 F - a wand of acid (12)
Scrolls
 b - a scroll of random uselessness {unknown}
 d - 2 scrolls of blinking {unknown}
 e - 3 scrolls of enchant armour {unknown}
 f - a scroll of torment {unknown}
 g - 7 scrolls of remove curse
 h - 5 scrolls of teleportation
 i - a scroll of enchant weapon {unknown}
 j - a scroll of fog {unknown}
 l - 6 scrolls of identify {unknown}
 n - 2 scrolls of amnesia {unknown}
 t - a scroll of fear {unknown}
 u - 2 scrolls of immolation {unknown}
 y - a scroll of holy word {unknown}
 D - a scroll of noise {unknown}


   Skills:
 - Level 4.0 Fighting
 + Level 5.6 Staves
 + Level 0.2 Armour
 - Level 1.5 Dodging
 - Level 1.5 Stealth
 + Level 9.4 Spellcasting
 + Level 7.1 Conjurations
 - Level 4.0 Evocations


You had 23 spell levels left.
You knew the following spells:

 Your Spells              Type           Power        Failure   Level  Hunger
a - Magic Dart            Conj           ####         1%          1    N/A
b - Searing Ray           Conj           ####..       1%          2    N/A

Your spell library contained the following spells:

 Spells                   Type           Power        Failure   Level  Hunger
 Foxfire                  Conj/Fire      ###.         1%          1    N/A
 Conjure Flame            Conj/Fire      ###.....     2%          3    N/A
 Dazzling Flash           Conj/Hex       ###...       2%          3    N/A
 Fulminant Prism          Conj/Hex       ###.......   8%          4    N/A
 Iskenderun's Mystic Bla  Conj/Tloc      ###.....     8%          4    N/A
 Sticky Flame             Conj/Fire      ###.....     8%          4    N/A
 Inner Flame              Hex/Fire       #.......     11%         3    N/A
 Fireball                 Conj/Fire      ###.......   21%         5    N/A

Dungeon Overview and Level Annotations

Branches:
Dungeon (8/15)             Temple (1/1) D:7
   Lair: D:8-11

Altars:
Ashenzari
Cheibriados
Dithmenos
Elyvilon
Fedhas
Gozag
Hepliaklqana
Makhleb
Nemelex Xobeh
Okawaru
Qazlal
Ru
Sif Muna
Trog
Uskayaw
Vehumet
Wu Jian
Xom
Yredelemnul
Zin
The Shining One

Shops:
D:6 !

Annotations:
D:7 1 runed translucent door, Prince Ribbit; TimeIsEndless's ghost, novice GnFi
D:8 Harold


Innate Abilities, Weirdness & Mutations

You do not eat or drink.
Your flesh is vulnerable to fire.
You are immune to poison.
Your flesh is cold resistant. (rC+)
You are immune to negative energy. (rN+++)
You are immune to unholy pain and torment.
You can survive without breathing.


Message History

2 howler monkeys come into view.
Prince Ribbit hits you!
Prince Ribbit hits you but does no damage.
The howler monkey moves out of view.
Prince Ribbit barely misses you. Prince Ribbit hits you!
Harold throws a throwing net.
The throwing net barely misses you. Prince Ribbit hits you!
* * * LOW HITPOINT WARNING * * *
There is a stone staircase leading up here.
You see here a throwing net.
Harold gestures at you while chanting. A sentinel's mark forms upon you.
Prince Ribbit closely misses you.
You climb upwards.
Level annotation: 1 runed translucent door, TimeIsEndless's ghost, novice GnFi
There is a stone staircase leading down here.
As you read the scroll labeled DAW QE ANU, it crumbles to dust.
You feel strangely unstable.
It was a scroll of teleportation.
Prince Ribbit hits you!
You die...

#########.#......#....#
..........#......#....#
###########......#....#
# #......###### ####
#......# ...#
#.###..###### ...# #.#
#.......# ...# #<#
#.......###########
#### ###
##@.....'.......).# #
#F.....#########.# #
#####.......)..#.# ###
####### #.#####.#..#.#
..# #.....# #.#
#.#..#.# ..# #.###.#
#.# #.#..#.# ..#
#...#.# #.# #.#..#.#
..# ###.#.# #.#
#.#..#.# ..# #.#.# #.#
#.#..#.#


You could see Prince Ribbit.

Vanquished Creatures
  Pikel (D:5)
  Grinder (D:3)
  Sigmund (D:5)
  A human (D:7)
  A yak (D:7)
  Eustachio (D:5)
  3 hogs (D:7)
  Edmund (D:6)
  A sky beast (D:5)
  2 slaves (D:5)
  3 ice beasts
  2 black bears
  A necrophage (D:6)
  A phantom (D:6)
  2 ogres (D:5)
  2 bullfrogs
  A scorpion (D:6)
  4 crimson imps
  2 jellies
  Crazy Yiuf (D:2)
  An orc priest (D:7)
  2 bullfrog skeletons
  4 hounds
  Jessica (D:3)
  A centaur skeleton (D:6)
  2 worker ants
  3 iguanas
  3 orc wizards
  Terence (D:3)
  A hound zombie (D:7)
  A hound skeleton (D:4)
  A gnoll (D:1)
  14 adders
  A shadow imp (D:6)
  An ooze (D:1)
  5 worms
  3 leopard geckos
  20 orcs
  A ball python (D:2)
  7 bats
  4 giant cockroaches
  5 goblins
  6 hobgoblins
  9 jackals
  3 kobolds
  4 quokkas
  2 frilled lizards
  2 leopard gecko skeletons
  12 rats
152 creatures vanquished.

Vanquished Creatures (others)
  2 withered plants (D:7)
2 creatures vanquished.

Grand Total: 154 creatures vanquished

Notes
Turn   | Place    | Note
-------+----------+-------------------------------------------
     0 | D:1      | Eurus the Mummy Conjurer began the quest for the Orb.
     0 | D:1      | Reached XP level 1. HP: 13/13 MP: 4/4
   459 | D:1      | Reached skill level 3 in Spellcasting
   483 | D:1      | Reached XP level 2. HP: 13/20 MP: 6/6
   603 | D:1      | Learned a level 2 spell: Searing Ray
  1104 | D:1      | Reached skill level 1 in Fighting
  1521 | D:1      | Reached XP level 3. HP: 26/26 MP: 0/7
  2671 | D:2      | Reached XP level 4. HP: 33/33 MP: 6/9
  2675 | D:2      | Found a runed translucent door.
  2676 | D:2      | Noticed Crazy Yiuf
  3023 | D:3      | Noticed Terence
  3031 | D:3      | Killed Terence
  3031 | D:3      | Reached skill level 4 in Spellcasting
  3324 | D:3      | Noticed Grinder
  3374 | D:3      | Reached XP level 5. HP: 33/39 MP: 5/11
  3440 | D:2      | Killed Crazy Yiuf
  3989 | D:3      | Killed Grinder
  3989 | D:3      | Reached skill level 1 in Staves
  3989 | D:3      | Reached skill level 5 in Spellcasting
  3989 | D:3      | Reached XP level 6. HP: 43/47 MP: 0/13
  4157 | D:3      | Noticed Jessica
  4163 | D:3      | Killed Jessica
  4943 | D:4      | Reached XP level 7. HP: 44/53 MP: 15/15
  5379 | D:5      | Entered Level 5 of the Dungeon
  5454 | D:5      | Noticed Eustachio
  5584 | D:5      | Reached skill level 6 in Spellcasting
  5584 | D:5      | Reached skill level 5 in Conjurations
  5731 | D:5      | Reached skill level 1 in Evocations
  5731 | D:5      | Reached XP level 8. HP: 32/60 MP: 6/17
  6021 | D:5      | Noticed Sigmund
  6036 | D:5      | Killed Sigmund
  6036 | D:5      | Reached skill level 7 in Spellcasting
  6278 | D:5      | Killed Eustachio
  6493 | D:5      | Noticed Pikel
  6759 | D:5      | Killed Pikel
  6759 | D:5      | Reached skill level 8 in Spellcasting
  6759 | D:5      | Reached XP level 9. HP: 65/65 MP: 11/21
  7575 | D:6      | Noticed Edmund
  7587 | D:6      | Killed Edmund
  7830 | D:6      | Found Rangen's Distillery.
  8070 | D:7      | Found a runed translucent door.
  8070 | D:7      | Noticed TimeIsEndless's ghost (novice GnFi)
  8420 | D:7      | Reached skill level 5 in Staves
  8586 | D:7      | Reached skill level 9 in Spellcasting
  9083 | D:7      | Found a staircase to the Ecumenical Temple.
  9090 | Temple   | Entered the Ecumenical Temple
  9269 | Temple   | Became a worshipper of Ashenzari the Shackled
  9554 | D:7      | Identified the +9 quarterstaff of Xoal {flame, +Rage rElec
                  | Str+3}
  9658 | D:8      | Noticed Harold
  9658 | D:8      | Noticed Prince Ribbit
  9666 | D:7      | Slain by Prince Ribbit

Levels and vault maps discovered:
D:1:      onia_arrival_larder, layout_loops_corners, minmay_octomino_e4
D:2:      layout_loops_ring, serial_forest, infiniplex_forest_fountain,
          infiniplex_forest_lined_3, infiniplex_forest_straight_3,
          infiniplex_forest_lined_1, infiniplex_forest_lined_room_,
          infiniplex_forest_corner_1, infiniplex_forest_clump_long,
          infiniplex_forest_zigzag_1, uniq_crazy_yiuf_cottage
D:3:      layout_basic, first_ration, minmay_three_crescents, uniq_grinder,
          uniq_jessica, uniq_terence
D:4:      layout_rooms
D:5:      minmay_chambers_of_threes, layout_rooms, uniq_eustachio, uniq_pikel,
          uniq_sigmund
D:6:      layout_basic, serial_shops, shop, nrook_pool_corridor, uniq_edmund
D:7:      layout_basic, minmay_temple_entry_trees, gammafunk_ghost_grave,
          grunt_livestock
D:8:      layout_loops_ring, serial_shops, shop, chequers_ossuary_entry_cave,
          uniq_harold, uniq_joseph, uniq_prince_ribbit1
Temple:   minmay_crystal_snake_temple

Skill      XL: |  1  2  3  4  5  6  7  8  9 |
---------------+----------------------------+-----
Spellcasting   | 3 4 5 6 8 9 |  9.4
Fighting       | 1 2 3 4 |  4.0
Conjurations   | 4 5 6 7 |  7.1
Staves         | 1 3 4 5 |  5.6
Evocations     | 1 3 4 |  4.0
Armour         | |  0.2
Dodging        | |  1.5
Stealth        | |  1.5

Action                   |  1- 3 |  4- 6 |  7- 9 || total
-------------------------+-------+-------+-------++-------
Melee: Unarmed           |    47 |       |       ||    47
       Short sword       |    28 |    27 |       ||    55
       Quarterstaff      |       |    26 |    63 ||    89
 Cast: Magic Dart        |    46 |    59 |    59 ||   164
       Searing Ray       |     3 |    10 |    56 ||    69
Invok: Curse Item        |       |       |     3 ||     3
  Use: Scroll            |       |       |     2 ||     2
 Stab: Sleeping          |     2 |     2 |       ||     4
Armor: Robe              |    21 |     8 |    45 ||    74
Dodge: Dodged            |    46 |    41 |    99 ||   186

Table legend:
 A = Non-vault XP
 B = Vault XP
 C = Vault XP percentage of total XP
 D = Non-vault monster count
 E = Vault monster count
 F = Vault count percentage of total count
                 A         B        C        D         E       F
            +---------+---------+-------+---------+---------+-------
      Total |    2436 |    3007 |  55.2 |     114 |      36 |  24.0
            +---------+---------+-------+---------+---------+-------
        D:1 |      25 |      21 |  45.7 |       8 |      11 |  57.9
        D:2 |      63 |      48 |  43.2 |      16 |       3 |  15.8
        D:3 |     112 |     346 |  75.5 |      27 |       7 |  20.6
        D:4 |     360 |       0 |   0.0 |      11 |       0 |   0.0
        D:5 |     728 |    1456 |  66.7 |      18 |       9 |  33.3
        D:6 |     640 |     154 |  19.4 |      21 |       1 |   4.5
        D:7 |     508 |     982 |  65.9 |      13 |       5 |  27.8
            +---------+---------+-------+---------+---------+-------
